Map: Cactus Valley LE (Void)

Players

Railgan

  • Race: Zerg Zerg
  • League: Grandmaster
  • Spawn Location: 11:00

Hunter - Winner!

  • Race: Protoss Protoss
  • League: Master
  • Spawn Location: 5:00

VOD

Have the link to the VOD?

Description

Time

  • Played on: March 24, 2017, 2:04 p.m.
  • Length: 9:57
Show
View Real Time Build Order
Export as new Build Order

Railgan Zerg 

Build Orders: Pool First 

Get SALT Encoding   

  12  0:19  Spawning Pool  
  11  0:22  Drone  
  11  0:27  Drone  
  13  0:32  Drone  
  14  0:37  Extractor  
  13  0:46  Overlord  
  13  1:06  Zergling x6  
  16  1:28  Hatchery  
  15  1:34  Zergling x2  
  16  1:43  Metabolic Boost  
  16  1:48  Drone  
  17  1:54  Drone  
  17  2:00  Drone  
  19  2:02  Drone  
  20  2:29  Hatchery  
  18  2:32  Drone  
  18  2:34  Drone  
  20  2:38  Drone  
  21  2:44  Overlord  
  21  2:50  Drone  
  22  2:55  Drone x2  
  23  3:04  Queen  
  25  3:07  Drone  
  25  3:11  Drone  
  27  3:14  Drone  
  27  3:16  Drone  
  29  3:23  Drone  
  30  3:28  Queen  
  30  3:31  Overlord  
  30  3:34  Drone  
  33  3:36  Drone  
  34  3:41  Drone  
  34  3:46  Queen  
  34  3:47  Drone  
  34  3:48  Drone  
  39  3:53  Queen  
  41  3:58  Zergling x4  
  41  4:01  Zergling x2  
  44  4:04  Drone  
  45  4:10  Overlord  
  45  4:11  Drone  
  45  4:12  Drone  
  45  4:13  Drone x2  
  45  4:14  Drone  
  50  4:19  Overlord  
  50  4:30  Drone  
  50  4:31  Drone x2  
  53  4:34  Drone  
  53  4:37  Extractor x2, Roach Warren  
  51  4:39  Drone x3  
  51  4:44  Drone  
  51  4:45  Drone x4  
  59  4:51  Overlord  
  58  4:55  Drone x3  
  58  4:57  Drone  
  61  5:02  Drone  
  61  5:06  Drone x3  
  65  5:12  Drone x2  
  67  5:14  Lair  
  67  5:21  Spore Crawler  
  67  5:24  Queen x2  
  67  5:25  Spore Crawler  
  69  5:31  Zergling x8  
  69  5:34  Overlord  
  73  5:36  Overlord  
  73  5:38  Overlord  
  73  5:40  Overlord  
  73  5:49  Roach x3  
  72  5:59  Roach x2  
  71  6:05  Drone x9  
  74  6:13  Drone  
  74  6:14  Drone x3  
  74  6:25  Drone x3  
  76  6:26  Drone  
  76  6:32  Drone  
  78  6:34  Drone  
  78  6:38  Drone  
  78  6:39  Drone x2  
  82  6:42  Extractor  
  82  6:45  Drone x2, Evolution Chamber x2  
  82  6:46  Extractor  
  80  6:47  Extractor, Ravager x3  
  80  6:48  Ravager x2, Zergling x2  
  80  6:49  Zergling x4  
  80  6:50  Drone x2  
  80  6:51  Drone  
  90  6:58  Baneling Nest  
  90  6:59  Hydralisk Den  
  88  7:09  Drone x2  
  88  7:10  Drone x6  
  88  7:14  Zergling x2  
  88  7:15  Zergling x2  
  98  7:16  Zerg Melee Weapons Level 1  
  98  7:17  Zerg Missile Weapons Level 1  
  98  7:20  Overlord x2  
  98  7:28  Overlord  
  98  7:29  Overseer  
  98  7:31  Muscular Augments  
  98  7:37  Hatchery  
  98  7:44  Drone  
  98  7:45  Drone  
  98  7:46  Centrifical Hooks, Zergling x2  
  98  7:47  Zergling x6  
  98  7:49  Hydralisk  
  104  7:52  Hydralisk  
  104  7:54  Roach  
  104  7:55  Hydralisk  
  104  7:58  Hydralisk  
  112  8:07  Hydralisk  
  112  8:08  Hydralisk x3  
  120  8:16  Overlord x3  
  120  8:20  Overlord  
  120  8:21  Baneling x4  
  120  8:22  Infestation Pit  
  120  8:25  Overlord  
  118  8:28  Zergling x8  
  118  8:29  Overlord  
  118  8:30  Baneling  
  118  8:31  Baneling x2  
  122  8:35  Hydralisk  
  122  8:38  Hydralisk x2  
  128  8:42  Hydralisk  
  128  8:44  Hydralisk  
  130  8:49  Hydralisk  
  130  8:51  Zergling x2  
  130  8:53  Baneling x5  
  130  8:54  Hydralisk  
  130  8:55  Hydralisk  
  135  8:58  Zergling x2  
  135  9:00  Zergling x6  
  140  9:04  Zergling x4  
  140  9:12  Zergling x12  
  142  9:17  Hydralisk  
  142  9:19  Ravager  
  142  9:22  Zergling x4  
  146  9:25  Overlord  
Show
View Real Time Build Order
Export as new Build Order

Hunter Protoss - Winner!

Build Orders: 1 Gate Expand 

Get SALT Encoding   

  12  0:01  Probe (Chrono Boost)  
  13  0:11  Probe (Chrono Boost)  
  14  0:20  Pylon  
  14  0:23  Probe (Chrono Boost)  
  15  0:38  Probe (Chrono Boost)  
  15  0:39  Gateway  
  16  0:46  Assimilator  
  16  0:49  Probe (Chrono Boost)  
  17  1:00  Probe (Chrono Boost)  
  18  1:10  Probe (Chrono Boost)  
  19  1:24  Nexus  
  19  1:33  Cybernetics Core  
  19  1:35  Zealot  
  21  1:51  Pylon  
  21  1:59  Zealot  
  23  2:11  Probe (Chrono Boost)  
  24  2:22  Mothership Core (Chrono Boost)  
  25  2:35  Pylon  
  25  2:37  Warp Gate  
  25  2:39  Probe (Chrono Boost)  
  25  2:41  Probe (Chrono Boost)  
  28  2:51  Probe (Chrono Boost)  
  28  2:52  Probe (Chrono Boost)  
  28  2:54  Adept  
  31  2:59  Gateway  
  31  3:02  Probe (Chrono Boost)  
  31  3:03  Probe (Chrono Boost)  
  34  3:13  Probe (Chrono Boost)  
  34  3:14  Pylon  
  34  3:16  Probe (Chrono Boost)  
  34  3:17  Adept  
  35  3:22  Assimilator  
  35  3:25  Probe (Chrono Boost)  
  35  3:26  Probe (Chrono Boost)  
  39  3:37  Probe x2 (Chrono Boost)  
  41  3:41  Robotics Facility  
  41  3:47  Probe (Chrono Boost)  
  41  3:48  Adept, Probe (Chrono Boost)  
  45  3:49  Adept  
  47  3:58  Probe x2 (Chrono Boost)  
  49  4:08  Probe (Chrono Boost)  
  50  4:11  Pylon  
  50  4:16  Gateway, Probe (Chrono Boost)  
  51  4:17  Gateway  
  51  4:20  Probe (Chrono Boost)  
  51  4:24  Pylon  
  52  4:28  Pylon, Probe (Chrono Boost)  
  52  4:29  Warp Prism  
  55  4:55  Nexus  
  55  4:56  Pylon  
  55  4:58  Sentry x2  
  59  5:04  Immortal  
  59  5:13  Probe (Chrono Boost)  
  65  5:14  Assimilator  
  65  5:15  Probe (Chrono Boost)  
  65  5:19  Twilight Council  
  65  5:24  Probe (Chrono Boost)  
  65  5:25  Pylon  
  65  5:27  Assimilator  
  66  5:32  Probe (Chrono Boost), Stalker  
  66  5:35  Probe (Chrono Boost)  
  70  5:49  Adept x2  
  74  5:50  Adept  
  74  5:51  Probe (Chrono Boost)  
  74  5:52  Immortal  
  75  6:00  Probe (Chrono Boost)  
  80  6:05  Probe (Chrono Boost)  
  80  6:07  Probe (Chrono Boost)  
  80  6:09  Blink  
  80  6:13  Probe (Chrono Boost)  
  73  6:20  Probe x2 (Chrono Boost)  
  73  6:23  Stalker x3  
  82  6:25  Probe (Chrono Boost)  
  82  6:26  Stalker  
  82  6:29  Immortal  
  82  6:32  Probe (Chrono Boost)  
  81  6:35  Probe (Chrono Boost)  
  86  6:42  Probe (Chrono Boost)  
  86  6:44  Probe (Chrono Boost)  
  86  6:46  Pylon, Probe (Chrono Boost)  
  89  6:53  Forge  
  90  6:54  Sentry x2  
  90  6:55  Probe x2 (Chrono Boost)  
  90  6:56  Probe (Chrono Boost)  
  96  7:02  Pylon  
  96  7:03  Immortal  
  96  7:04  Pylon  
  100  7:11  Protoss Ground Weapons Level 1  
  100  7:14  Stalker  
  100  7:15  Stalker  
  104  7:20  Assimilator  
  104  7:26  Gateway  
  104  7:29  Gateway  
  104  7:31  Gateway  
  104  7:34  Gateway  
  104  7:37  Sentry  
  104  7:40  Stalker  
  104  7:41  Warp Prism, Stalker  
  112  7:53  Stalker  
  112  7:55  Pylon  
  112  7:57  Pylon  
  114  8:03  Pylon, Stalker x2  
  118  8:06  Stalker  
  120  8:14  Pylon  
  120  8:20  Stalker  
  122  8:32  Stalker  
  122  8:33  Stalker x6  
  122  8:34  Observer  
  137  8:52  Stalker  
  139  8:59  Stalker x4  
  139  9:00  Stalker x3  
  151  9:16  Pylon  
  149  9:17  Stalker  
  149  9:22  Stalker  
  149  9:23  Stalker x4  
  159  9:25  Stalker  
  159  9:30  Stalker  
  128  9:46  Stalker x5  
  128  9:47  Zealot  
  126  9:57  Stalker  
Tags
 
Add a new tag
Caveats
  • Supply blocks, unpowered buildings, or Contaminate may cause inaccurate times.
  • Supply counts are checked every 10 seconds.